 Dungeon Crawl Stone Soup version 0.28-a0-1518-gbe868bca14 (webtiles) character file.

Game seed: 4113756961017658771

3 chunkyMonkey the Ruffian (level 1, 0/15 HPs)
             Began as a Formicid Transmuter on Jan 16, 2022.
             Slain by a quokka (2 damage)
             ... on level 1 of the Dungeon.
             The game lasted 00:00:28 (304 turns).

chunkyMonkey the Ruffian (Formicid Transmuter)       Turns: 304, Time: 00:00:28

Health: 0/15       AC:  2    Str: 14    XL:     1   Next: 55%
Magic:  3/3        EV: 12    Int: 12    God:
Gold:   16         SH:  0    Dex: 11    Spells: 3/4 levels left

rFire   . . .      SeeInvis +     - Unarmed
rCold   . . .      Faith    .   (no shield)
rNeg    . . .      Spirit   .   a - +0 robe
rPois   .          Reflect  .   (helmet unavailable)
rElec   .          Harm     .   (no cloak)
rCorr   .          Rampage  .   (no gloves)
Will    .....                   (no boots)
Stlth   +.........              (no amulet)
HPRegen 0.05/turn               (no ring)
MPRegen 0.08/turn               (no ring)

@: no status effects
A: permanent stasis, dig shafts and tunnels, antennae 3, four strong arms
a: Dig, Shaft Self


You were on level 1 of the Dungeon.
You visited 1 branch of the dungeon, and saw 1 of its levels.

You collected 16 gold pieces.

Inventory:

Armour
 a - a +0 robe (worn)
Scrolls
 c - a scroll of amnesia {unknown}
 d - a scroll of fog {unknown}
Potions
 b - a potion of cancellation {unknown}


   Skills:
 * Level 1.2 Fighting
 * Level 0.3 Armour
 + Level 1.8 Dodging
 + Level 3.0 Unarmed Combat
 * Level 2.2 Spellcasting
 + Level 2.2 Transmutations


You had 3 spell levels left.
You knew the following spells:

 Your Spells              Type           Power      Damage    Failure   Level
a - Beastly Appendage     Tmut           12%        N/A       11%         1

Your spell library contained the following spells:

 Spells                   Type           Power      Damage    Failure   Level
 Wereblood                Tmut           6%         N/A       16%         2
 Spider Form              Tmut/Pois      4%         N/A       45%         3
 Ice Form                 Ice/Tmut       4%         N/A       86%         4


Dungeon Overview and Level Annotations

Branches:
Dungeon (1/15)

Altars:

Shops:
D:1 !


Innate Abilities, Weirdness & Mutations

You cannot be hasted, slowed, berserked, paralysed or teleported.
You can dig through walls and to a lower floor.
You have a pair of large antennae on your head. (SInv)
Your four strong arms can wield two-handed weapons with a shield.


Message History

You barely miss the bat. Your kick misses the bat.
The bat hits you but does no damage.
A quokka comes into view.
Found a stone staircase leading down.
The bat closely misses you.
Found 21 stones.
The bat barely misses you.
Your talons disappear.
The bat barely misses you.
You hit the rat. You punch the rat.
You kill the rat!
The bat hits you but does no damage.
You miss the bat. The bat hits you. The bat completely misses you.
Found 11 gold pieces.
The bat hits you but does no damage. The bat hits you but does no damage.
You barely miss the bat. The bat barely misses you.
The quokka bites you but does no damage.
You barely miss the quokka. The quokka closely misses you.
The bat closely misses you.
You miss the bat. The bat completely misses you. The quokka barely misses you.
The bat barely misses you. The quokka closely misses you.
You barely miss the bat. The bat misses you. The quokka barely misses you.
You closely miss the bat. The bat barely misses you.
The quokka bites you but does no damage.
You closely miss the quokka. The bat hits you. The quokka bites you.
You hit the quokka.
The quokka is severely wounded.
The bat barely misses you. The quokka bites you.
You are too injured to fight recklessly!
You are too injured to fight recklessly!
You are too injured to fight recklessly!
You are too injured to fight recklessly!
You are too injured to fight recklessly!
You are too injured to fight recklessly!
You are too injured to fight recklessly!
The quokka bites you.
* * * LOW HITPOINT WARNING * * *
The bat misses you. The bat hits you.
* * * LOW HITPOINT WARNING * * *
The bat barely misses you. The quokka bites you.
You die...

#....###..
####..(......
........>...
#..........
##..........
#........... {
#..b........
#...r†....##
#...@.....# ########+##
#..$......# ..........#
#.........#
..........###.........#
...........!.......####
#......###.........#
#......# #.........#
#......# ##.....=..#
#......# #........#


You could see a quokka and a bat.

Vanquished Creatures
  A quokka (D:1)
  A bat (D:1)
  A goblin (D:1)
  A rat (D:1)
4 creatures vanquished.

Notes
Turn   | Place    | Note
-------+----------+-------------------------------------------
     0 | D:1      | chunkyMonkey the Formicid Transmuter began the quest for
                  | the Orb.
     0 | D:1      | Reached XP level 1. HP: 15/15 MP: 3/3
    46 | D:1      | Found Roskon's Distillery.
   304 | D:1      | Slain by a quokka

Illustrated notes

Levels and vault maps discovered:
D:1:      minmay_arrival_checkered_box, layout_basic, serial_shops, shop,
          minmay_hexomino_u4

Action                   || total
-------------------------++-------
Melee: Unarmed           ||    20
       Punch             ||     1
 Cast: Beastly Appendage ||     4
Armor: Robe              ||    11
Dodge: Dodged            ||    29

Table legend: (Time is in decaauts)
 A = Elapsed time spent in this place.
 B = Non-inter-level travel time spent in this place.
 C = Inter-level travel time spent in this place.
 D = Time resting spent in this place.
 E = Time spent auto-exploring this place.
 F = Levels seen in this place.
 G = Mean time per level.
                   A        B        C        D        E       F      G
               +--------+--------+--------+--------+--------+-----+--------+
         Total |    302 |    302 |      0 |     88 |    161 |   1 |  302.0 |
       Dungeon |    302 |    302 |      0 |     88 |    161 |   1 |  302.0 |
               +--------+--------+--------+--------+--------+-----+--------+

Top non-repeatable levels by time:
     D:1: 302 daAuts
